 Dungeon Crawl Stone Soup version 0.31.0-11-ge490571c62 (webtiles) character file.

Game seed: 1664829060340237022

630 qw the Ducker (level 7, 0/35 HPs)
             Began as a Spriggan Hunter on Feb 4, 2024.
             Slain by a gnoll
             ... wielding a +0 spear
             ... led by a gnoll bouda
              (1 damage)
             ... on level 5 of the Dungeon.
             The game lasted 00:00:20 (3281 turns).

qw the Ducker (Spriggan Hunter)                     Turns: 3281, Time: 00:00:20

Health: 0/35       AC:  3    Str:  7    XL:     7   Next: 24%
Magic:  8/8        EV: 25    Int: 11    God:
Gold:   221        SH:  0    Dex: 26    Spells: 6/6 levels left

rFire   . . .        a - +0 shortbow
rCold   . . .        (shield currently unavailable)
rNeg    . . .        c - +0 robe
rPois   .            (helmet restricted)
rElec   .            d - +0 cloak
rCorr   .            (gloves unavailable)
SInv    +            (boots unavailable)
Will    +....        (no amulet)
Stlth   ++           f - +6 ring of dexterity
HPRegen 0.25/turn    (no ring)
MPRegen 0.11/turn

%: no passive effects
@: weakened, very quick
A: very small, no large weapons, unfitting armour, see invisible, speed 3
a: no special abilities


You were on level 5 of the Dungeon.
You visited 2 branches of the dungeon, and saw 6 of its levels.

You collected 221 gold pieces.


Innate Abilities, Weirdness & Mutations

You are very small and have problems with some larger weapons.
You are too small for most types of armour.
You have supernaturally acute eyesight. (SInv)
You cover ground extremely quickly. (Speed+++)


   Skills:
 - Level 2.0 Fighting
 + Level 6.9 Ranged Weapons
 - Level 7.4 Dodging
 - Level 1.5 Stealth


You had 6 spell levels left.
You didn't know any spells.
Your spell library was empty.

Inventory:

Hand Weapons
 a - a +0 shortbow (weapon)
Armour
 c - a +0 robe (worn)
 d - a +0 cloak (worn)
Jewellery
 f - a +6 ring of dexterity (left hand)
Wands
 j - a wand of iceblast (7)
Potions
 b - a potion of mutation
 e - 2 potions of resistance
 g - a potion of enlightenment
 i - a potion of magic {unknown}
 l - a potion of might {unknown}

Dungeon Overview and Level Annotations

Branches:
Dungeon (5/15)             Temple (1/1) D:4

Altars:
Dithmenos
Fedhas
Hepliaklqana
Kikubaaqudgha
Makhleb
Qazlal
Ru
Trog
Vehumet
Wu Jian
Xom
Yredelemnul
Zin
The Shining One

Annotations:
D:5 Pikel


Message History

You shoot an arrow. The arrow hits the gnoll bouda.
The gnoll bouda is heavily wounded.
The gnoll hits you from afar with a +0 spear.
The gnoll bouda misses you.
You shoot an arrow. The arrow hits the gnoll bouda!
The gnoll bouda is almost dead.
A hound comes into view.
The gnoll barely misses you.
The gnoll bouda hits you but does no damage.
You shoot an arrow.
The arrow hits the gnoll bouda but does no damage.
The gnoll bouda is almost dead.
The gnoll hits you from afar with a +0 spear.
The gnoll bouda gazes fiercely through you!
You feel as though you will be weak longer.
The gnoll bouda barely misses you.
You shoot an arrow. The arrow hits the gnoll bouda!
You kill the gnoll bouda!
The gnoll hits you from afar with a +0 spear!
The gnoll completely misses you.
You shoot an arrow. The arrow hits the gnoll.
The gnoll is lightly wounded.
The gnoll misses you. The gnoll barely misses you.
You shoot an arrow. The arrow hits the gnoll!
The gnoll is severely wounded.
The gnoll closely misses you.
Pikel, Merchant of Souls comes into view.
He is wielding a +1 whip of freezing and carrying a wand of polymorph.
The gnoll misses you.
You shoot an arrow. The arrow hits the gnoll.
The gnoll is severely wounded.
The gnoll completely misses you. x2
You shoot an arrow. The arrow closely misses the gnoll.
The arrow hits the orc.
The orc is almost dead.
The gnoll closely misses you.
A lemure comes into view.
The gnoll hits you with a +0 whip!
You shoot an arrow. The arrow hits the gnoll.
You kill the gnoll!
The gnoll hits you from afar with a +0 spear.
You die... ...5..# ### .....###.. #..K..... ....... ..o.. . g)J

#.. #h# #... ###@#
#....#...###.#
#............#
#........#########
########.........#
##.........#
#.....<....#
##.........#
##........#


You could see Pikel, a lemure, a hound, a jelly, a gnoll (swift) and an orc.

Vanquished Creatures
  A black bear (D:4)
  An ogre (D:2)
  A bullfrog (D:4)
  A jelly (D:5)
  2 bombardier beetles (D:4)
  A gnoll bouda (D:5)
  An orc priest (D:4)
  Robin (D:2)
  10 gnolls
  3 adders
  2 dart slugs
  3 ribbon worms
  9 orcs
  9 ball pythons
  8 endoplasms
  3 giant cockroaches
  4 hobgoblins
  6 jackals
  3 kobolds
  3 quokkas
  6 bats
  4 frilled lizards
  19 goblins
  8 rats
109 creatures vanquished.

Notes
Turn   | Place    | Note
-------+----------+-------------------------------------------
     0 | D:1      | qw the Spriggan Hunter began the quest for the Orb.
     0 | D:1      | Reached XP level 1. HP: 10/10 MP: 2/2
     0 | D:1      | 0 ||| qw: Version: 0.3-a-160-g6735b56
     0 | D:1      | 0 ||| qw: Game counter: 4692
     0 | D:1      | 0 ||| qw: Melee chars always use a shield: true
     0 | D:1      | 0 ||| qw: God list: Okawaru
     0 | D:1      | 0 ||| qw: Allow faded altars: false
     0 | D:1      | 0 ||| qw: Do Orc after clearing Dungeon:15 true
     0 | D:1      | 0 ||| qw: Do second Lair branch before Depths: true
     0 | D:1      | 0 ||| qw: Lair rune preference: random
     0 | D:1      | 0 ||| qw: Goals: Normal
     0 | D:1      | 0 ||| PLANNING D:1-11
    60 | D:1      | Reached skill level 3 in Dodging
   139 | D:1      | Reached XP level 2. HP: 14/14 MP: 3/3
   142 | D:1      | You fall into a shaft and drop 1 floor!
   190 | D:2      | 190 ||| READING scroll labelled JALIWA ENTUNO.
   190 | D:2      | 190 ||| IDENTIFYING 2 viscous red potions
   191 | D:2      | 191 ||| DROPPING scroll of butterflies.
   203 | D:1      | Reached skill level 4 in Dodging
   582 | D:1      | Reached XP level 3. HP: 13/18 MP: 4/4
   663 | D:1      | 663 ||| UPGRADING to +0 cloak.
   668 | D:1      | 668 ||| UPGRADING to +6 ring of dexterity.
   669 | D:1      | 669 ||| READING scroll of identify.
   669 | D:1      | 669 ||| IDENTIFYING fuming grey potion
   670 | D:1      | 670 ||| DROPPING potion of lignification.
   757 | D:2      | Found a glowing silver altar of Zin.
   885 | D:2      | Reached skill level 5 in Dodging
   885 | D:2      | 885 ||| FLEEEEING.
   886 | D:2      | 886 ||| FLEEEEING.
   901 | D:2      | Reached XP level 4. HP: 15/22 MP: 5/5
  1036 | D:2      | Noticed an ogre
  1045 | D:2      | Killed an ogre
  1046 | D:2      | Reached XP level 5. HP: 13/25 MP: 6/6
  1046 | D:2      | 1046 ||| FLEEEEING.
  1047 | D:2      | 1047 ||| FLEEEEING.
  1048 | D:2      | 1048 ||| FLEEEEING.
  1049 | D:2      | 1049 ||| FLEEEEING.
  1050 | D:2      | 1050 ||| FLEEEEING.
  1051 | D:2      | 1051 ||| FLEEEEING.
  1055 | D:2      | 1055 ||| FLEEEEING.
  1056 | D:2      | 1056 ||| FLEEEEING.
  1057 | D:2      | 1057 ||| FLEEEEING.
  1058 | D:2      | 1058 ||| STAIRDANCE
  1098 | D:1      | 1098 ||| READING scroll of identify.
  1098 | D:1      | 1098 ||| IDENTIFYING white potion
  1481 | D:2      | Noticed Robin
  1484 | D:2      | Killed Robin
  1498 | D:2      | Reached skill level 6 in Dodging
  2399 | D:3      | 2399 ||| READING scroll of identify.
  2399 | D:3      | 2399 ||| IDENTIFYING bubbling clear potion
  2400 | D:3      | 2400 ||| READING scroll labelled RICROUHEBU.
  2401 | D:3      | 2401 ||| READING scroll labelled HUATEC NOINUECONI.
  2434 | D:4      | 2434 ||| STAIRDANCE
  2444 | D:4      | 2444 ||| STAIRDANCE
  2456 | D:4      | Reached XP level 6. HP: 30/30 MP: 7/7
  2599 | D:4      | Reached skill level 6 in Ranged Weapons
  2604 | D:4      | Found a staircase to the Ecumenical Temple.
  2605 | D:4      | 2605 ||| PLANNING TEMPLE
  2605 | D:4      | 2605 ||| READING scroll of identify.
  2605 | D:4      | 2605 ||| IDENTIFYING coppery potion
  2606 | D:4      | 2606 ||| READING 2 scrolls labelled JUFIMA HISHE.
  2614 | D:4      | 2614 ||| DROPPING potion of ambrosia.
  2615 | D:4      | 2615 ||| Stepping randomly (stuck).
  2616 | D:4      | 2616 ||| Stepping randomly (stuck).
  2617 | D:4      | 2617 ||| Stepping randomly (stuck).
  2618 | D:4      | 2618 ||| Stepping randomly (stuck).
  2619 | D:4      | 2619 ||| Stepping randomly (stuck).
  2620 | D:4      | 2620 ||| Stepping randomly (stuck).
  2621 | D:4      | 2621 ||| Stepping randomly (stuck).
  2622 | D:4      | 2622 ||| Stepping randomly (stuck).
  2623 | D:4      | 2623 ||| Stepping randomly (stuck).
  2624 | D:4      | 2624 ||| Stepping randomly (stuck).
  2625 | D:4      | 2625 ||| Stepping randomly (stuck).
  2626 | D:4      | 2626 ||| Stepping randomly (stuck).
  2627 | D:4      | 2627 ||| Stepping randomly (stuck).
  2628 | D:4      | 2628 ||| Stepping randomly (stuck).
  2629 | D:4      | 2629 ||| Stepping randomly (stuck).
  2630 | D:4      | 2630 ||| Stepping randomly (stuck).
  2631 | D:4      | 2631 ||| Stepping randomly (stuck).
  2632 | D:4      | 2632 ||| Stepping randomly (stuck).
  2633 | D:4      | 2633 ||| Stepping randomly (stuck).
  2634 | D:4      | 2634 ||| Stepping randomly (stuck).
  2635 | D:4      | 2635 ||| Stepping randomly (stuck).
  2636 | D:4      | 2636 ||| Stepping randomly (stuck).
  2637 | D:4      | 2637 ||| Stepping randomly (stuck).
  2638 | D:4      | 2638 ||| Stepping randomly (stuck).
  2639 | D:4      | 2639 ||| Stepping randomly (stuck).
  2640 | D:4      | 2640 ||| Stepping randomly (stuck).
  2641 | D:4      | 2641 ||| Stepping randomly (stuck).
  2642 | D:4      | 2642 ||| Stepping randomly (stuck).
  2643 | D:4      | 2643 ||| Stepping randomly (stuck).
  2644 | D:4      | 2644 ||| Stepping randomly (stuck).
  2645 | D:4      | 2645 ||| Stepping randomly (stuck).
  2646 | D:4      | 2646 ||| Stepping randomly (stuck).
  2647 | D:4      | 2647 ||| Stepping randomly (stuck).
  2648 | D:4      | 2648 ||| Stepping randomly (stuck).
  2652 | D:4      | 2652 ||| Stepping randomly (stuck).
  2653 | D:4      | 2653 ||| Stepping randomly (stuck).
  2654 | D:4      | 2654 ||| Stepping randomly (stuck).
  2655 | D:4      | 2655 ||| Stepping randomly (stuck).
  2656 | D:4      | 2656 ||| Stepping randomly (stuck).
  2657 | D:4      | 2657 ||| Stepping randomly (stuck).
  2658 | D:4      | 2658 ||| Stepping randomly (stuck).
  2659 | D:4      | 2659 ||| Stepping randomly (stuck).
  2660 | D:4      | 2660 ||| Stepping randomly (stuck).
  2661 | D:4      | 2661 ||| Stepping randomly (stuck).
  2662 | D:4      | 2662 ||| Stepping randomly (stuck).
  2663 | D:4      | 2663 ||| Stepping randomly (stuck).
  2664 | D:4      | 2664 ||| Stepping randomly (stuck).
  2665 | D:4      | 2665 ||| Stepping randomly (stuck).
  2666 | D:4      | 2666 ||| Stepping randomly (stuck).
  2667 | D:4      | 2667 ||| Stepping randomly (stuck).
  2668 | D:4      | 2668 ||| Stepping randomly (stuck).
  2669 | D:4      | 2669 ||| READING scroll of teleportation.
  2695 | Temple   | Entered the Ecumenical Temple
  2696 | Temple   | 2696 ||| PLANNING D:1-11
  2754 | D:4      | Reached skill level 7 in Dodging
  2799 | D:4      | Found a shimmering altar of Xom.
  2915 | D:4      | Reached XP level 7. HP: 33/35 MP: 8/8
  3214 | D:4      | 3214 ||| READING scroll of identify.
  3214 | D:4      | 3214 ||| IDENTIFYING pink potion
  3215 | D:4      | 3215 ||| DROPPING potion of attraction.
  3247 | D:5      | Entered Level 5 of the Dungeon
  3260 | D:5      | 3260 ||| RETREEEEATING.
  3261 | D:5      | 3261 ||| RETREEEEATING.
  3276 | D:5      | HP: 6/35 [gnoll/+0 spear[a gnoll bouda] (8)]
  3278 | D:5      | Noticed Pikel
  3280 | D:5      | HP: 1/35 [gnoll/+0 whip[a gnoll bouda] (7)]
  3281 | D:5      | Slain by a gnoll

Levels and vault maps discovered:
D:1:      dpeg_arrival_short_road, layout_loops_ring, minivault_14
D:2:      layout_basic, basic_altar, kennysheep_boxes, uniq_robin
D:3:      layout_basic, kennysheep_nub, chequers_jeans
D:4:      minmay_chambers_of_twos, layout_basic,
          mainiacjoe_overflow_six_doors_small, minmay_temple_entry_mini_moons,
          corexii_hall_statues_deadend
D:5:      layout_basic, led_sif_book, uniq_pikel
Temple:   nicolae_temple_god_jail

Skill      XL: |  1  2  3  4  5  6 |
---------------+-------------------+-----
Dodging        | 3 4 5 6 7 |  7.4
Ranged Weapons | 5 6 |  6.9
Fighting       | 2 |  2.0
Stealth        | |  1.5

Action                     |  1- 3 |  4- 6 |  7- 9 || total
---------------------------+-------+-------+-------++-------
   Fire: Shortbow          |   107 |   191 |    49 ||   347
    Use: Scroll            |     2 |     7 |     1 ||    10
 Armour: Robe              |    13 |     8 |    10 ||    31
  Dodge: Dodged            |    82 |    74 |    47 ||   203

Table legend:
 A = Non-vault XP
 B = Vault XP
 C = Vault XP percentage of total XP
 D = Non-vault monster count
 E = Vault monster count
 F = Vault count percentage of total count
                 A         B        C        D         E       F
            +---------+---------+-------+---------+---------+-------
      Total |     845 |      71 |   7.8 |      88 |      21 |  19.3
            +---------+---------+-------+---------+---------+-------
        D:1 |      40 |       0 |   0.0 |      25 |       0 |   0.0
        D:2 |     232 |      38 |  14.1 |      28 |      13 |  31.7
        D:3 |      44 |       0 |   0.0 |      14 |       0 |   0.0
        D:4 |     402 |      33 |   7.6 |      16 |       8 |  33.3
        D:5 |     127 |       0 |   0.0 |       5 |       0 |   0.0
            +---------+---------+-------+---------+---------+-------
